 Dungeon Crawl Stone Soup version 0.31-a0-1005-gfbdfbac (webtiles) character file.

Game seed: 7693218877797701780

2797 Partyfoot the Trooper (level 9, -4/79 HPs)
             Began as a Green Draconian Conjurer on Nov 11, 2023.
             Was a Believer of Dithmenos.
             Slain by an orc warlord
             ... wielding a +4 broad axe
              (21 damage)
             ... in a bailey.
             The game lasted 00:32:25 (7404 turns).

Partyfoot the Trooper (Green Draconian Conjurer)    Turns: 7404, Time: 00:32:25

Health: -4/79      AC: 10    Str: 10    XL:     9   Next: 43%
Magic:  3/19       EV: 12    Int: 28    God:    Dithmenos [**....]
Gold:   162        SH:  0    Dex: 16    Spells: 14/21 levels left

rFire   . . .        f - +1 dagger (speed)
rCold   . . .        (no shield)
rNeg    . . .        (body armour unavailable)
rPois   +            (helmet restricted)
rElec   .            (no cloak)
rCorr   .            H - +0 pair of gloves
SInv    .            v - +0 pair of boots
Will    .....        k - amulet of the acrobat
Stlth   +++          i - +6 ring of dexterity
HPRegen 0.33/turn    s - +6 ring of intelligence
MPRegen 0.16/turn

%: acrobat
@: weak-willed, flying, wreathed by umbra
A: breathe noxious fumes, AC +7, unfitting armour, poison resistance,
cold-blooded, big wings, shaggy fur 1, evolution 1
a: Breathe Noxious Fumes, Renounce Religion, Shadow Step


You were in a bailey.
You worshipped Dithmenos.
Dithmenos was pleased with you.
You visited 2 branches of the dungeon, and saw 8 of its levels.
You also visited: Bailey.

You collected 300 gold pieces.
You spent 138 gold pieces at shops.

Inventory:

Hand Weapons
 f - a +1 dagger of speed (weapon)
Missiles
 b - 71 stones
Armour
 v - a +0 pair of boots (worn)
 H - a +0 pair of gloves (worn)
Jewellery
 i - a +6 ring of dexterity (left hand)
 k - an amulet of the acrobat (around neck)
 q - a ring of resist corrosion
 s - a +6 ring of intelligence (right hand)
 w - a ring of fire
 y - a ring of ice
 z - a ring of ice
 B - a ring of positive energy
Talismans
 u - a storm talisman
Wands
 E - a wand of iceblast (7)
Scrolls
 h - 3 scrolls of identify
 l - 2 scrolls of immolation
 m - a scroll of revelation
 n - 2 scrolls of fog
 p - a scroll of torment {unknown}
 r - a scroll of blinking {unknown}
 A - a scroll of enchant armour {unknown}
 C - 3 scrolls of enchant weapon {unknown}
 G - a scroll of fear {unknown}
Potions
 c - 3 potions of curing
 e - a potion of berserk rage
 o - a potion of cancellation {unknown}
 t - a potion of degeneration {unknown}
 x - a potion of heal wounds {unknown}
 D - a potion of enlightenment {unknown}
 F - a potion of attraction {unknown}


   Skills:
 + Level 7.2 Fighting
 - Level 2.5 Dodging
 - Level 2.6 Stealth
 + Level 6.7 Spellcasting
 - Level 4.4 Conjurations
 + Level 5.2 Summonings
 + Level 5.4 Air Magic
 - Level 1.2 Poison Magic


You had 14 spell levels left.
You knew the following spells:

 Your Spells              Type           Power      Damage    Failure   Level
a - Magic Dart            Conj           100%       1d8       1%          1
b - Poisonous Vapours     Pois/Air       56%        N/A       2%          2
c - Summon Lightning Spi  Summ/Air       39%        N/A       6%          4

Your spell library contained the following spells:

 Spells                   Type           Power      Damage    Failure   Level
 Searing Ray              Conj           68%        2d6       1%          2
 Sting                    Tmut/Pois      48%        1d5       4%          1
 Dazzling Flash           Conj/Hex       42%        N/A       7%          3
 Fulminant Prism          Conj/Hex       10%        3d9       22%         4
 Iskenderun's Mystic Bla  Conj/Tloc      21%        2d6       22%         4
 Olgreb's Toxic Radiance  Pois           16%        N/A       32%         4
 Lee's Rapid Deconstruct  Erth           4%         3d5*      83%         5
 Discord                  Hex            4%         N/A       100%        8
 Ignition                 Fire           4%         3d4       100%        8
 Animate Armour           Summ/Erth      Unusable   N/A       N/A         4

Dungeon Overview and Level Annotations

Branches:
Dungeon (7/15)             Temple (1/1) D:4          Bailey (1/1)

Altars:
Cheibriados
Dithmenos
Elyvilon
Gozag
Hepliaklqana
Kikubaaqudgha
Makhleb
Okawaru
Ru
Uskayaw
Vehumet
Wu Jian
Xom
Yredelemnul
Zin
The Shining One

Shops:
D:1 [   D:2 *   D:5 *   D:7 !=

Annotations:
D:4 2 transporters, WinterFox's ghost, amateur TeRe
D:5 2 runed translucent doors, qlqlql's ghost, amateur FeSh


Innate Abilities, Weirdness & Mutations

You can breathe blasts of noxious fumes.
Your lurid green scales are hard. (AC +7)
You cannot fit into any form of body armour.
Your system is resistant to poisons. (rPois)
You are cold-blooded and may be slowed by cold attacks.
Your large and strong wings let you fly.
You are covered in fur. (AC +1)
You have hidden genetic potential.


Message History

The orc warlord is severely wounded.
The orc warlord hits you with a +4 broad axe!
The orc warlord hits your lightning spire with a +4 broad axe!
Your lightning spire shoots out a bolt of lightning at the orc warlord!
The bolt of electricity hits the orc warlord.
You barely miss the orc warlord.
You tail-slap the orc warlord, but do no damage.
The orc warlord is severely wounded.
The orc warlord hits you with a +4 broad axe!
* * * LOW HITPOINT WARNING * * *
The orc warlord hits your lightning spire with a +4 broad axe.
Your lightning spire is destroyed!
Your lightning spire disappears in a puff of smoke!
The orc warlord attacks as it pursues you!
The orc warlord completely misses you.
Things that are here:
a +0 hand axe; a +0 leather armour
Okay, then.
As you read the scroll of teleportation, it crumbles to dust.
You feel strangely unstable.
The orc warlord hits you but does no damage.
The orc warlord attacks as it pursues you!
The orc warlord barely misses you.
The orc warlord attacks as it pursues you!
The orc warlord misses you.
Your surroundings suddenly seem different.
An orc knight comes into view. It is wielding a +0 war axe.
As you read the scroll of teleportation, it crumbles to dust.
You feel strangely unstable.
Your surroundings suddenly seem different.
The orc warlord shouts!
You have got your breath back.
There is an open gate here.
Things that are here:
a +0 hand axe; a +0 leather armour
Okay, then.
As you read the scroll labelled FOIZAI XIQE, it crumbles to dust.
Magic quickly surges around you.
It was a scroll of vulnerability.
The orc warlord hits you with a +4 broad axe!!
You die...

♣♣♣......♣.♣ ♣...)...)..♣♣
♣..)..∩.)...♣ ♣♣.)))))....♣
♣....)∩.....♣ ♣♣...).....♣♣
♣♣.......♣♣ ♣##o''##♣
##.@..)## #.......#
##.......## #.........#
##......)..##
#######.....).....#######
##.....##......)..##.....##
#).....)'.........))......#
##......)##..)....##.......#


You could see an orc warlord (weak-willed).

Vanquished Creatures
  An orc knight (Bailey)
  A hornet (D:7)
  10 orc warriors (Bailey)
  2 ice beasts (D:5)
  An ogre (D:6)
  A kobold brigand (D:6)
  2 scorpions (D:4)
  A bullfrog (D:6)
  A jelly (D:5)
  5 orc priests
  A scorpion zombie (D:3)
  3 iguanas
  Natasha (twice) (D:4)
  5 gnolls (Bailey)
  4 adders
  2 ufetubi (D:5)
  4 worms
  4 dart slugs
  23 orcs
  5 endoplasms
  6 giant cockroaches
  23 goblins
  18 hobgoblins
  6 jackals
  8 kobolds
  5 quokkas
  7 ball pythons
  A ball python skeleton (D:3)
  2 bats (D:2)
  4 frilled lizards
  10 rats
168 creatures vanquished.

Vanquished Creatures (collateral kills)
  An orc warrior (Bailey)
  3 gnolls (Bailey)
  2 orcs (Bailey)
  A goblin (Bailey)
7 creatures vanquished.

Grand Total: 175 creatures vanquished

Notes
Turn   | Place    | Note
-------+----------+-------------------------------------------
     0 | D:1      | Partyfoot the Draconian Conjurer began the quest for the
                  | Orb.
     0 | D:1      | Reached XP level 1. HP: 14/14 MP: 3/3
    20 | D:1      | Found Laneef's Antique Armour Boutique.
    82 | D:1      | Reached XP level 2. HP: 10/20 MP: 0/5
   677 | D:1      | Reached XP level 3. HP: 23/26 MP: 6/6
  1285 | D:2      | Reached XP level 4. HP: 31/33 MP: 1/7
  1970 | D:2      | Found Higum's General Store.
  1979 | D:2      | Bought a scroll of teleportation for 36 gold pieces
  1979 | D:2      | Bought a scroll of identify for 24 gold pieces
  1982 | D:2      | Gained mutation: You have hidden genetic potential. [potion
                  | of mutation]
  2159 | D:3      | Reached skill level 1 in Fighting
  2502 | D:3      | Reached XP level 5. HP: 26/41 MP: 0/9
  2510 | D:3      | Reached skill level 2 in Fighting
  2514 | D:3      | Gained mutation: Your large and strong wings let you fly.
                  | [hidden potential]
  3441 | D:4      | Reached skill level 3 in Fighting
  3507 | D:4      | Found a transporter.
  3578 | D:4      | Found a transporter.
  3578 | D:4      | Noticed WinterFox's ghost (amateur TeRe)
  3676 | D:4      | Reached XP level 6. HP: 27/51 MP: 7/11
  3701 | D:4      | Gained mutation: You have great hidden genetic potential.
                  | [hidden potential]
  3701 | D:4      | Lost mutation: You have great hidden genetic potential.
                  | [hidden potential expressed]
  3956 | D:4      | Found a staircase to the Ecumenical Temple.
  3965 | Temple   | Entered the Ecumenical Temple
  3983 | Temple   | Became a worshipper of Dithmenos the Shadowed
  4067 | D:4      | Noticed Natasha
  4071 | D:4      | Killed Natasha
  4126 | D:4      | Learned a level 2 spell: Poisonous Vapours
  4296 | D:4      | Noticed Natasha
  4300 | D:4      | Killed Natasha
  4463 | D:5      | Entered Level 5 of the Dungeon
  4500 | D:5      | Reached skill level 1 in Air Magic
  4500 | D:5      | Reached skill level 1 in Poison Magic
  4555 | D:5      | Learned a level 4 spell: Summon Lightning Spire
  4589 | D:5      | Reached skill level 4 in Fighting
  4618 | D:5      | Noticed an ice beast
  4648 | D:5      | Your scales start taking on a lurid green colour.
  4648 | D:5      | Reached XP level 7. HP: 59/59 MP: 8/13
  4648 | D:5      | Gained mutation: Your system is resistant to poisons.
                  | (rPois) [Green Draconian growth]
  4729 | D:5      | Found Nonash's Assorted Antiques.
  4736 | D:5      | Bought 3 scrolls labelled RAGGESTRO XOALO for 78 gold
                  | pieces
  4794 | D:5      | Reached skill level 1 in Summonings
  4803 | D:5      | Gained mutation: You are covered in fur. (AC +1) [hidden
                  | potential]
  5300 | D:5      | Found a runed translucent door.
  5303 | D:5      | Noticed qlqlql's ghost (amateur FeSh)
  5347 | D:5      | Found a runed translucent door.
  5740 | D:6      | Reached skill level 5 in Spellcasting
  5844 | D:6      | Reached skill level 5 in Fighting
  5849 | D:6      | Reached * piety under Dithmenos
  6233 | D:7      | Found Synoc's Distillery.
  6261 | D:7      | Found Puguank's Jewellery Shoppe.
  6349 | D:7      | Noticed a hornet
  6350 | D:7      | Found a flagged portal.
  6358 | D:7      | Paralysed by a hornet for 3 turns
  6359 | D:7      | Killed a hornet
  6360 | D:7      | Reached XP level 8. HP: 42/69 MP: 7/16
  6384 | Bailey   | Entered a bailey
  6824 | Bailey   | Reached skill level 6 in Fighting
  6955 | Bailey   | Noticed an orc knight
  6975 | Bailey   | Reached ** piety under Dithmenos
  6992 | Bailey   | Killed an orc knight
  6993 | Bailey   | Reached skill level 5 in Air Magic
  6993 | Bailey   | Reached XP level 9. HP: 39/78 MP: 1/18
  7227 | Bailey   | Reached skill level 5 in Summonings
  7231 | Bailey   | Reached skill level 7 in Fighting
  7240 | Bailey   | Noticed an orc warlord
  7395 | Bailey   | Noticed an orc knight
  7404 | Bailey   | Slain by an orc warlord

Illustrated notes

Levels and vault maps discovered:
D:1:      ebering_trefoil_twist, layout_basic, serial_shops, shop,
          minmay_pentomino_r4
D:2:      layout_rooms, serial_shops, nicolae_shop_just_a_little_nook,
          serial_forest, infiniplex_forest_lined_4_way,
          infiniplex_forest_clump_curved, infiniplex_forest_join,
          infiniplex_forest_end_3, infiniplex_forest_end_1,
          infiniplex_forest_lined_3, infiniplex_forest_straight_2, st_stairs_12,
          dreamdust_princess_bridge
D:3:      layout_loops_ring, serial_undead, serial_undead_b, serial_undead_f,
          serial_undead_a, serial_undead_a, kennysheep_generic_room_16
D:4:      layout_rooms, lemuel_temple_firewalk_b, gammafunk_ghost_arena,
          uniq_natasha
D:5:      layout_loops_ring, serial_shops, shop, ebering_ghost_sewer_f
D:6:      layout_basic
D:7:      layout_loops_ring, nicolae_qazlal_style_of_elements, serial_shops,
          nicolae_shop_mannequins, nicolae_shop_tiny_glass,
          nicolae_shop_window_shopping, nicolae_shop_real_fake_doors, shop,
          enter_bailey_5
Temple:   eino_temple_scatter_basement
Bailey:   bailey_axe_minmay_hex_keep, bailey

Skill      XL: |  1  2  3  4  5  6  7  8  9 |
---------------+----------------------------+-----
Stealth        | 2 |  2.6
Dodging        | 2 |  2.5
Fighting       | 1 3 4 5 6 7 |  7.2
Spellcasting   | 3 4 5 6 |  6.7
Air Magic      | 1 3 5 |  5.4
Poison Magic   | 1 |  1.2
Summonings     | 3 4 5 |  5.2
Conjurations   | |  4.4

Action                     |  1- 3 |  4- 6 |  7- 9 || total
---------------------------+-------+-------+-------++-------
  Melee: Rapier            |    44 |       |       ||    44
         Unarmed           |     2 |       |       ||     2
         Tailslap          |     5 |    19 |    34 ||    58
         Dagger            |    33 |    93 |   118 ||   244
         Punch             |       |     1 |     1 ||     2
   Cast: Magic Dart        |    72 |   150 |   121 ||   343
         Poisonous Vapours |       |     3 |    39 ||    42
         Summon Lightning  |       |       |     4 ||     4
Ability: Breathe Noxious F |       |       |    10 ||    10
    Use: Scroll            |       |     3 |     7 ||    10
         Potion            |       |     1 |     2 ||     3
   Stab: Confused          |       |       |     7 ||     7
 Armour: Skin              |    50 |    45 |    79 ||   174
  Dodge: Dodged            |    70 |    37 |   157 ||   264

Table legend: (Time is in decaauts)
 A = Elapsed time spent in this place.
 B = Non-inter-level travel time spent in this place.
 C = Inter-level travel time spent in this place.
 D = Time resting spent in this place.
 E = Time spent auto-exploring this place.
 F = Levels seen in this place.
 G = Mean time per level.
                   A        B        C        D        E       F      G
               +--------+--------+--------+--------+--------+-----+--------+
         Total |   7315 |   7006 |    309 |   1492 |   4131 |   9 |  812.8 |
       Dungeon |   6307 |   6032 |    275 |    998 |   4108 |   7 |  901.0 |
        Temple |     36 |      2 |     34 |      0 |      0 |   1 |   36.0 |
        Bailey |    971 |    971 |      0 |    494 |     23 |   1 |  971.0 |
               +--------+--------+--------+--------+--------+-----+--------+

Top non-repeatable levels by time:
     D:3: 1306 daAuts
     D:1: 1054 daAuts
     D:2: 1047 daAuts
     D:4: 986 daAuts
  Bailey: 971 daAuts
     D:5: 915 daAuts
     D:6: 824 daAuts
     D:7: 171 daAuts
  Temple: 36 daAuts
